 Dungeon Crawl Stone Soup version 0.29.1-15-g9cfb28693d (webtiles) character file.

Game seed: 12393817855073195627

3148 leafyfresh the Blocker (level 9, -1/62 HPs)
             Began as an Octopode Delver on Mar 3, 2023.
             Slain by a two-headed ogre
             ... wielding a +0 giant club
              (21 damage)
             ... on level 6 of the Dungeon.
             The game lasted 00:12:15 (7169 turns).

leafyfresh the Blocker (Octopode Delver)            Turns: 7169, Time: 00:12:15

Health: -1/62      AC:  1    Str:  6    XL:     9   Next: 93%
Magic:  9/10       EV: 17    Int: 20    God:
Gold:   349        SH: 15    Dex: 24    Spells: 8/10 levels left

rFire   . . .      SeeInvis .   m - +0 short sword (venom)
rCold   . . .      Faith    .   E - +2 buckler
rNeg    . . .      Spirit   .   (helmet restricted)
rPois   .          Reflect  +   d - amulet "Luybim" {Reflect *Corrode rElec Str-5 Dex+8 SH+5}
rElec   +          Harm     .   e - +4 ring of slaying
rCorr   .          Rampage  .   y - +6 ring of intelligence
Will    .....                   (no ring)
Stlth   ++++++....              (no ring)
HPRegen 0.20/turn               (no ring)
MPRegen 0.12/turn               (no ring)
                                (no ring)
                                (no ring)

@: no status effects
A: almost no armour, amphibious, 8 rings, camouflage 1, gelatinous body 1,
(nimble swimmer 1), tentacles
a: no special abilities


You were on level 6 of the Dungeon.
You visited 1 branch of the dungeon, and saw 6 of its levels.

You collected 349 gold pieces.

Inventory:

Hand Weapons
 a - a +0 short sword
 m - a +0 short sword of venom (weapon)
 u - a +0 dagger of speed
Missiles
 g - 16 poisoned darts (quivered)
 z - 2 silver boomerangs
Armour
 w - a +0 buckler
 x - the +4 scale mail of Defence {rN+ Regen+ Dex+3 Stlth+}
   (You found it on level 4 of the Dungeon)

   Dex:       It affects your dexterity (+3).
   rN:        It protects you from negative energy.
   Regen:     It increases your rate of health regeneration.
   Stlth:     It makes you more stealthy.
 E - a +2 buckler (worn)
Jewellery
 d - the amulet "Luybim" (around mantle) {Reflect *Corrode rElec Str-5 Dex+8 SH+5}
   (You found it on level 3 of the Dungeon)

   [amulet of reflection]

   It reflects blocked missile attacks.
   Str:       It affects your strength (-5).
   Dex:       It affects your dexterity (+8).
   rElec:     It insulates you from electricity.
   *Corrode:  It may corrode you when you take damage.
   SH:        It affects your SH (+5).
 e - a +4 ring of slaying (left tentacle)
 y - a +6 ring of intelligence (right tentacle)
Wands
 f - a wand of digging (2)
 F - a wand of acid (5)
Scrolls
 b - 5 scrolls of fog
 c - a scroll of magic mapping
 h - a scroll of noise
 n - 2 scrolls of identify
 o - 2 scrolls of enchant weapon {unknown}
 r - 2 scrolls of enchant armour {unknown}
 s - a scroll of amnesia {unknown}
 A - a scroll of vulnerability {unknown}
Potions
 j - 2 potions of might {unknown}
 k - 2 potions of brilliance {unknown}
 l - 2 potions of berserk rage {unknown}
 p - 2 potions of mutation {unknown}
 q - a potion of invisibility {unknown}
 t - 2 potions of lignification {unknown}
 C - a potion of curing {unknown}
 D - a potion of attraction {unknown}


   Skills:
 + Level 6.0 Fighting
 - Level 2.0 Short Blades
 + Level 5.6 Dodging
 - Level 9.7 Stealth
 - Level 10.0 Shields
 + Level 1.0 Spellcasting


You had 8 spell levels left.
You knew the following spells:

 Your Spells              Type           Power      Damage    Failure   Level
a - Passwall              Tmut/Erth      0%         N/A       30%         2

Your spell library contained the following spells:

 Spells                   Type           Power      Damage    Failure   Level
 Magic Dart               Conj           4%         1d3       21%         1
 Necrotise                Necr           4%         1d4       21%         1
 Sandblast                Erth           2%         2d4       21%         1
 Call Imp                 Summ           1%         N/A       30%         2
 Searing Ray              Conj           2%         2d4       30%         2
 Mephitic Cloud           Conj/Pois/Air  1%         N/A       52%         3
 Stone Arrow              Conj/Erth      2%         3d7       52%         3
 Vampiric Draining        Necr           1%         2d6       52%         3
 Fulminant Prism          Conj/Hex       0%         3d6       90%         4
 Agony                    Necr           1%         N/A       99%         5
 Dragon's Call            Summ           0%         N/A       100%        9


Dungeon Overview and Level Annotations

Branches:
Dungeon (6/15)
 Temple: D:4-7

Altars:
Fedhas
Wu Jian

Annotations:
D:4 Grinder, Menkaure
D:6 Edmund


Innate Abilities, Weirdness & Mutations

You cannot wear most types of armour.
You are amphibious.
You can wear up to eight rings at the same time.
Your skin changes colour to match your surroundings (Stealth+).
Your rubbery body absorbs attacks. (AC +1, EV +1)
((You are camouflaged when in or above water. (Stealth+)))
You have tentacles for arms and can constrict up to eight enemies at once.


Message History

You grab the kobold brigand.
You tentacle-slap the kobold brigand, but do no damage.
You squeeze the kobold brigand.
The kobold brigand is lightly wounded.
You constrict the kobold brigand, but do no damage.
You block the kobold brigand's attack.
You hit the kobold brigand but do no damage.
The kobold brigand looks as sick as possible!
You squeeze the kobold brigand.
The kobold brigand is moderately wounded.
You constrict the kobold brigand, but do no damage.
The kobold brigand hits you with a +0 short sword.
You hit the kobold brigand but do no damage.
The kobold brigand looks as sick as possible!
You squeeze the kobold brigand.
The kobold brigand is heavily wounded.
You constrict the kobold brigand. The kobold brigand barely misses you.
You hit the kobold brigand.
The kobold brigand looks as sick as possible!
The kobold brigand is almost dead.
You constrict the kobold brigand.
You kill the kobold brigand!
Your Spellcasting skill increases to level 1!
You block the two-headed ogre's attack. x2
Items here: $ ( ) [ †.
You hit the two-headed ogre.
The two-headed ogre is poisoned.
You squeeze the two-headed ogre.
The two-headed ogre is lightly wounded.
The two-headed ogre hits you with a +0 giant club!!
Ouch! That really hurt!
You block the two-headed ogre's attack.
You hit the two-headed ogre.
The two-headed ogre looks as sick as possible!
You squeeze the two-headed ogre.
The two-headed ogre is moderately wounded.
You completely miss the two-headed ogre.
You tentacle-slap the two-headed ogre.
The two-headed ogre is moderately wounded.
The two-headed ogre hits you with a +0 giant club!!
You die...

$
...O..........#
#.# ..
#...#...#....#
#.# #..# .
#...#...#...#
#.# #..)
...#..[#.))#..#
#.# .#
#...#...#...#
#.####
...#)..#....#
#.....
.......K...l..#
######
##))###..##O###
#. ##.##@#
#...)# >.#
####)# #.# #)#
#.# #.# #.# #)#
#.# #.# #.# #.#
#.# ###.# ####


You could see a two-headed ogre (extremely poisoned) and an iguana.

Vanquished Creatures
  2 two-headed ogres (D:6)
  2 vampire mosquitoes (D:6)
  2 ice beasts
  A sky beast (D:6)
  2 centaurs
  2 ogres
  2 kobold brigands (D:6)
  2 scorpions
  2 howler monkeys
  5 jellies
  A gnoll bouda (D:6)
  3 orc priests
  4 hounds
  6 iguanas
  2 orc wizards
  4 gnolls (D:6)
  5 adders
  A white imp (D:6)
  3 ufetubi
  2 worms (D:5)
  3 dart slugs
  24 orcs
  6 endoplasms
  5 giant cockroaches
  4 goblins (D:4)
  7 hobgoblins
  2 jackals (D:1)
  2 quokkas
  11 ball pythons
  6 bats
  4 frilled lizards
  7 kobolds
  2 rats
136 creatures vanquished.

Vanquished Creatures (others)
  5 toadstools (D:1)
5 creatures vanquished.

Grand Total: 141 creatures vanquished

Notes
Turn   | Place    | Note
-------+----------+-------------------------------------------
     0 | D:5      | leafyfresh the Octopode Delver began the quest for the Orb.
     0 | D:5      | Reached XP level 1. HP: 16/16 MP: 1/1
    35 | D:5      | Noticed a jelly
    43 | D:5      | Killed a jelly
    44 | D:5      | Reached XP level 2. HP: 17/21 MP: 2/2
    44 | D:5      | Reached XP level 3. HP: 21/26 MP: 3/3
   144 | D:5      | Noticed an ice beast
   185 | D:4      | Reached XP level 4. HP: 33/33 MP: 4/4
   222 | D:3      | Found a blossoming altar of Fedhas.
   349 | D:3      | Found an ornate altar of the Wu Jian Council.
   505 | D:3      | Identified the amulet "Luybim" {Reflect *Corrode rElec
                  | Str-5 Dex+8 SH+5}
  1411 | D:2      | Got the Precepts of the Summoned Dead
  1497 | D:2      | Reached XP level 5. HP: 27/37 MP: 5/5
  2136 | D:1      | Found a faded altar of an unknown god.
  3077 | D:4      | Noticed Grinder
  3078 | D:4      | Noticed Menkaure
  3081 | D:4      | Paralysed by Grinder for 2 turns
  3101 | D:4      | Paralysed by Grinder for 3 turns
  3242 | D:4      | Identified the +4 scale mail of Defence {rN+ Regen+ Dex+3
                  | Stlth+}
  3252 | D:4      | Reached XP level 6. HP: 42/44 MP: 6/6
  3307 | D:4      | Learned a level 2 spell: Passwall
  4042 | D:5      | Reached skill level 5 in Fighting
  4042 | D:5      | Reached XP level 7. HP: 12/50 MP: 7/7
  4447 | D:5      | Identified the +2 helmet "Kajiavah" {Harm Rampage rF+
                  | Dex-2}
  5228 | D:5      | Reached skill level 5 in Dodging
  5455 | D:5      | Reached XP level 8. HP: 22/57 MP: 8/8
  5848 | D:5      | Reached skill level 1 in Shields
  5976 | D:5      | Reached skill level 2 in Shields
  6336 | D:6      | Reached skill level 3 in Shields
  6363 | D:6      | Noticed Edmund
  6408 | D:6      | Noticed a two-headed ogre
  6893 | D:6      | Reached skill level 4 in Shields
  6900 | D:6      | Reached skill level 5 in Shields
  7035 | D:6      | Reached skill level 6 in Shields
  7072 | D:6      | Noticed a two-headed ogre
  7094 | D:6      | Reached XP level 9. HP: 55/62 MP: 9/9
  7107 | D:6      | Reached skill level 7 in Shields
  7116 | D:6      | Killed a two-headed ogre
  7117 | D:6      | Reached skill level 8 in Shields
  7124 | D:6      | Killed a two-headed ogre
  7125 | D:6      | Reached skill level 9 in Shields
  7130 | D:6      | Reached skill level 10 in Shields
  7151 | D:6      | Noticed a two-headed ogre
  7166 | D:6      | Reached skill level 1 in Spellcasting
  7169 | D:6      | Slain by a two-headed ogre

Illustrated notes

Levels and vault maps discovered:
D:1:      minmay_arrival_semitransparent, layout_loops_ring,
          shapermc_ecumenical_altar_ellora, nicolae_hexahallways,
          minmay_gold_behind_fungi
D:2:      layout_basic
D:3:      layout_basic, fedhas_altar_3, amcnicky_altar_gilded,
          kennysheep_generic_room_7
D:4:      layout_basic, minmay_strange_pillars, chequers_serial_rivers_small_3,
          chequers_serial_rivers_large_b, uniq_menkaure, uniq_grinder
D:5:      layout_layer_cave, gup_sewer_entry_bowl
D:6:      cheibrodos_fzero, layout_loops_ring, uniq_edmund

Skill      XL: |  1  2  3  4  5  6  7  8  9 |
---------------+----------------------------+-----
Stealth        | 7 8 9 |  9.7
Dodging        | 3 4 5 |  5.6
Fighting       | 4 5 6 |  6.0
Shields        | 6 10 | 10.0
Spellcasting   | 1 |  1.0
Short Blades   | |  2.0

Action                   |  1- 3 |  4- 6 |  7- 9 || total
-------------------------+-------+-------+-------++-------
Melee: Short sword       |     2 |   140 |   136 ||   278
       Tentacles         |     1 |    22 |    48 ||    71
       Constrict         |       |    26 |    21 ||    47
       Punch             |       |     1 |     3 ||     4
Throw: Dart              |       |       |     2 ||     2
 Cast: Passwall          |       |     1 |     1 ||     2
Evoke: Wand              |       |     1 |     3 ||     4
  Use: Scroll            |     1 |     3 |     2 ||     6
       Potion            |       |     2 |     3 ||     5
 Stab: Sleeping          |     2 |    32 |    13 ||    47
Armor: Skin              |       |     4 |     4 ||     8
Dodge: Dodged            |       |    54 |    82 ||   136
Block: Other             |       |    23 |     9 ||    32
       Buckler           |       |       |    60 ||    60
       Reflection        |       |       |     4 ||     4
